 Dungeon Crawl Stone Soup version 0.15.2 (webtiles) character file.

117 1994 the Chucker (level 5, 0/54 HPs)
             Began as an Ogre Hunter on June 28, 2020.
             Slain by an orc wizard
             ... wielding a +0 dagger
              (3 damage)
             ... on Level 2 of the Dungeon.
             The game lasted 00:06:48 (3804 turns).

1994 the Chucker (Ogre Hunter)                      Turns: 3804, Time: 00:06:48

HP   0/54        AC  3     Str 18      XL: 5   Next:  1%
MP   5/5         EV 10     Int 10      God:
Gold 58          SH  0     Dex 10      Spells:  2 memorised,  1 level left

rFire  . . .     SeeInvis .     a - +0 whip
rCold  . . .     Clarity  .     d - +0 animal skin
rNeg   . . .     rCorr    .     (shield restricted)
rPois  .         rRot     .     (helmet restricted)
rElec  .         Spirit   .     (no cloak)
SustAb .         Warding  .     (gloves unavailable)
rMut   .         Stasis   .     (boots unavailable)
Gourm  .                        (no amulet)
MR     .....                    (no ring)
                                (no ring)

@: not resistant to hostile enchantments, very unstealthy
A: unfitting armour, tough skin 1
a: no special abilities


You were on level 2 of the Dungeon.
You were not hungry.

You visited 1 branch of the dungeon, and saw 3 of its levels.

You collected 58 gold pieces.

Inventory:

Hand weapons
 a - a +0 whip (weapon)
Missiles
 b - 4 large rocks (quivered)
 c - 2 throwing nets
 l - 14 poisoned needles
Armour
 d - a +0 animal skin (worn)
Comestibles
 f - 2 meat rations
 j - a beef jerky
 r - a rotting chunk of worm flesh
 t - a chunk of rat flesh
Scrolls
 g - 3 scrolls of amnesia {unknown}
 o - a scroll of remove curse {unknown}
 s - a scroll of magic mapping {unknown}
Jewellery
 n - an uncursed ring of invisibility {unknown}
 p - an uncursed ring of regeneration {unknown}
Potions
 e - a potion of flight {unknown}
 h - 4 potions of curing {unknown}
 i - a potion of cancellation {unknown}
 k - a potion of invisibility {unknown}
 m - a potion of degeneration {unknown}
 q - a potion of restore abilities {unknown}


   Skills:
 + Level 4.2 Fighting
 * Level 4.5 Maces & Flails
 + Level 4.9 Throwing
 - Level 1.7 Dodging
 - Level 0.7 Stealth


You had one spell level left.
You knew the following spells:

 Your Spells              Type           Power        Failure   Level  Hunger
a - Apportation           Tloc           #.........   38%         1    ##.....
b - Blink                 Tloc           N/A          61%         2    ###....


Dungeon Overview and Level Annotations

Branches:
Dungeon (3/15)

Altars:
Dithmenos


Innate Abilities, Weirdness & Mutations

You are too large for most types of armour.
You have tough skin (AC +1).


Message History

You hit something. Something hits you.
* * * LOW HITPOINT WARNING * * *
You miss something. Something hits you.
* * * LOW HITPOINT WARNING * * *
You miss something. Something hits you.
* * * LOW HITPOINT WARNING * * *
You miss something. You miss something.
You hear some strange, mumbled words.
Something tries to affect you, but you resist.
You hit something but do no damage. Something hits you.
* * * LOW HITPOINT WARNING * * *
You hit something.
You hear some strange, mumbled words.
The magic dart hits you!
* * * LOW HITPOINT WARNING * * *
You miss something. Something hits you.
* * * LOW HITPOINT WARNING * * *
You hit something. Something hits you.
You die...

##################
........[.......>#
#####.##########g# .#
#.# ###### #{# .# #.#
#....#
#@################ .#
#.# #....#
#.##.............. .#
#.# #....#
#.##.############. .#
#.# #....# #.##.# #.
.# #.# #....# #.##.#
#.
#####.###....###.##(#
#.
#...##..'....'...##.#
#.
.....####...)######)#
#. ......######## #.#
#.


You could see a goblin.

Vanquished Creatures
  Ijyb (D:2)
  4 adders (D:2)
  3 worms
  A giant gecko (D:2)
  3 oozes
  An orc (D:2)
  6 bats
  A giant cockroach (D:1)
  6 goblins
  3 hobgoblins
  7 kobolds
  4 giant newts
  8 rats
48 creatures vanquished.

Notes
Turn   | Place    | Note
--------------------------------------------------------------
     0 | D:1      | 1994, the Ogre Hunter, began the quest for the Orb.
     0 | D:1      | Reached XP level 1. HP: 22/22 MP: 1/1
   485 | D:1      | Reached XP level 2. HP: 14/31 MP: 2/2
   841 | D:1      | HP: 1/31 [goblin/hand axe (4)]
  1653 | D:2      | Noticed Ijyb
  1667 | D:2      | Killed Ijyb
  1667 | D:2      | Reached XP level 3. HP: 31/37 MP: 3/3
  2198 | D:2      | Found a shadowy altar of Dithmenos.
  2211 | D:2      | Reached XP level 4. HP: 38/48 MP: 4/4
  3661 | D:3      | Learned a level 1 spell: Apportation
  3664 | D:3      | Learned a level 2 spell: Blink
  3693 | D:3      | Reached XP level 5. HP: 40/54 MP: 5/5
  3804 | D:2      | Slain by an orc wizard

Action                   |  1- 3 |  4- 6 || total
-------------------------+-------+-------++-------
Melee: Club              |    25 |       ||    25
       Whip              |   114 |   118 ||   232
Throw: Large rock        |     5 |     2 ||     7
 Stab: Sleeping          |       |     1 ||     1
  Eat: Chunk             |     4 |     5 ||     9
